 Dungeon Crawl Stone Soup version 0.28.0-49-g6dfe1f597d (webtiles) character file.

Game seed: 11141910573778391522

49 101zpm the Magician (level 4, -4/31 HPs)
             Began as a Djinni Fire Elementalist on May 13, 2022.
             Slain by Terence
             ... wielding a +0 flail
              (6 damage)
             ... on level 2 of the Dungeon.
             The game lasted 00:03:13 (2304 turns).

101zpm the Magician (Djinni Fire Elementalist)      Turns: 2304, Time: 00:03:14

Health: -4/31      AC:  3    Str:  7    XL:     4   Next: 1%
Gold:   57         EV: 12    Int: 19    God:
                   SH:  0    Dex: 13

rFire   + + .      SeeInvis .   (no weapon)
rCold   x . .      Faith    .   (no shield)
rNeg    . . .      Spirit   .   a - +0 robe
rPois   ∞          Reflect  .   (no helmet)
rElec   .          Harm     .   (no cloak)
rCorr   .          Rampage  .   d - +0 pair of gloves
Will    .....                   (boots unavailable)
Stlth   ++........              (no amulet)
HPRegen 0.10/turn               (no ring)
MPRegen 0.00/turn               (no ring)

@: flying
A: sickness immunity, fire resistance 2, cold vulnerability 1, float, innate
caster, HP casting, extra vitality 1
a: no special abilities


You were on level 2 of the Dungeon.
You visited 1 branch of the dungeon, and saw 2 of its levels.

You collected 57 gold pieces.

Inventory:

Armour
 a - a +0 robe (worn)
 d - a +0 pair of gloves (worn)
Scrolls
 b - a scroll of amnesia {unknown}
 c - a scroll of immolation {unknown}


   Skills:
 + Level 2.4 Dodging
 + Level 1.9 Stealth
 + Level 3.4 Spellcasting


You couldn't memorise any spells.
You knew the following spells:

 Your Spells              Type           Power      Damage    Failure   Level
a - Foxfire               Conj/Fire      64%        2x1d7     3%          1
b - Scorch                Fire           32%        2d6       5%          2
c - Conjure Flame         Conj/Fire      16%        6-21      11%         3
d - Inner Flame           Hex/Fire       16%        N/A       11%         3
e - Flame Wave            Conj/Fire      16%        2d6       34%         4
f - Animate Skeleton      Necr           32%        N/A       3%          1
Your spell library was empty.

Dungeon Overview and Level Annotations

Branches:
Dungeon (1/15)

Altars:

Annotations:
D:2 Terence


Innate Abilities, Weirdness & Mutations

You are immune to sickness and miasma.
You are immune to poison.
Your flesh is very heat resistant. (rF++)
You are vulnerable to cold. (rC-)
You float through the air rather than walking.
You learn spells naturally, not from books.
Your magical power is your life essence.
You have superior vitality. (+4 MHP)


Message History

Confirm with . or Enter, or press ? or * to list all spells.
You don't have enough health to cast this spell.
Casting: Foxfire (safe; 4% risk of failure)
Press: ? - help, Q - select action, (/) - cycle Dir - look around, f - activate You conjure some foxfire!
* * * LOW HITPOINT WARNING * * *
Terence asks, "Do you want it fast or slow?"
Terence closely misses you.
The quokka closely misses you. 2 goblins come into view.
Found a ring mail.
The goblin shouts! x2
The foxfire hits Terence but does no damage.
Terence is severely wounded.
The foxfire hits Terence.
Terence is almost dead.
The quokka barely misses you. Terence completely misses you.
The quokka barely misses you.
The quokka is no longer more vulnerable to fire.
Your magical contamination has completely faded away.
The quokka bites you but does no damage.
The quokka barely misses you.
Casting: Foxfire (safe; 4% risk of failure)
Press: ? - help, Q - select action, (/) - cycle Dir - look around, f - activate You conjure some foxfire!
* * * LOW HITPOINT WARNING * * *
The quokka closely misses you.
The foxfire hits the quokka.
You kill the quokka!
The foxfire hits Terence.
Terence resists.
Terence is almost dead.
You have reached level 4!
You feel clever.
You reach down and open the door.
There is an open door here.
Casting: Foxfire (safe; 3% risk of failure)
Press: ? - help, Q - select action, (/) - cycle Dir - look around, f - activate You conjure some foxfire!
* * * LOW HITPOINT WARNING * * *
Terence hits you with a +0 flail.
You die...

#.......g..g......#..
##.##.@#######..##
#.##..# ).# ##.##..#
..# #......+ ..
#..##..#. ...
#......... ...
#.###+##### #.##v@..#
#.##v@..# #g##.g..#
#.##....# #.##.g..#
#.##....# #..'....#
####....# #....#


You could see Terence (ally target) and 2 goblins.

Vanquished Creatures
  An adder (D:2)
  A worm (D:2)
  A dart slug (D:1)
  3 ball pythons (D:1)
  3 endoplasms
  2 giant cockroaches
  4 goblins (D:1)
  A hobgoblin (D:1)
  3 jackals (D:1)
  2 quokkas (D:2)
  4 bats (D:1)
  A frilled lizard (D:1)
  5 kobolds
  2 rats
33 creatures vanquished.

Vanquished Creatures (others)
  169 foxfires
  A plant (D:2)
170 creatures vanquished.

Grand Total: 203 creatures vanquished

Notes
Turn   | Place    | Note
-------+----------+-------------------------------------------
     0 | D:1      | 101zpm the Djinni Fire Elementalist began the quest for the
                  | Orb.
     0 | D:1      | Reached XP level 1. HP: 15/15 MP: 0/0
   574 | D:1      | Reached XP level 2. HP: 13/21 MP: 0/0
  1313 | D:1      | Reached skill level 3 in Spellcasting
  1318 | D:1      | Reached XP level 3. HP: 12/25 MP: 0/0
  1318 | D:1      | Learned a level 1 spell: Animate Skeleton
  2084 | D:1      | You are sucked into a shaft and drop 1 floor!
  2265 | D:2      | Noticed Terence
  2288 | D:2      | Reached XP level 4. HP: 1/31 MP: 0/0
  2304 | D:2      | Slain by Terence

Illustrated notes

Levels and vault maps discovered:
D:1:      amcnicky_arrival_feature_with_door, layout_loops_cross,
          minmay_misc_feat_doors, wander_ebering_terrifying_dragon_lair
D:2:      layout_basic, shapermc_ecumenical_altar_mp_urbaneastern, uniq_terence

Skill      XL: |  1  2 |
---------------+-------+-----
Spellcasting   | 3 |  3.4
Dodging        | |  2.4
Stealth        | |  1.9

Action                   |  1- 3 |  4- 6 || total
-------------------------+-------+-------++-------
 Cast: Foxfire           |   117 |     1 ||   118
       Scorch            |     6 |       ||     6
       Animate Skeleton  |     1 |       ||     1
Armor: Robe              |     2 |       ||     2
Dodge: Dodged            |     9 |       ||     9
